 Dungeon Crawl Stone Soup version 0.17.0-28-g6e173f8 (webtiles) character file.

2655 oplop the Changer (level 9, -1/58 HPs)
             Began as an Octopode Transmuter on Nov 22, 2015.
             Was a Believer of Makhleb.
             Slain by a phantom (4 damage)
             ... on level 7 of the Dungeon on Nov 23, 2015.
             The game lasted 00:25:06 (8758 turns).

oplop the Changer (Octopode Transmuter)             Turns: 8758, Time: 00:25:06

Health: -1/58      AC:  1    Str: 10    XL:     9   Next: 62%
Magic:  15/17      EV: 14    Int: 18    God:    Makhleb [**....]
Gold:   348        SH:  0    Dex: 12    Spells: 4 memorised, 9 levels left

rFire  . . .     SeeInvis .       - Unarmed
rCold  . . .     Clarity  .     (no shield)
rNeg   . . .     SustAt   .     (helmet restricted)
rPois  .         Gourm    .     (no amulet)
rElec  .         Spirit   .     (no ring)
rCorr  .         Warding  .     (no ring)
rMut   .         Stasis   .     (no ring)
MR     .....                    (no ring)
Stlth  ++........               (no ring)
                                (no ring)
                                (no ring)
                                (no ring)

@: invisible, not resistant to hostile enchantments, unstealthy
A: almost no armour, amphibious, 8 rings, constrict 8, camouflage 1, gelatinous
body 1
a: Minor Destruction, Renounce Religion


You were on level 7 of the Dungeon.
You worshipped Makhleb.
Makhleb was pleased with you.
You were not hungry.

You visited 2 branches of the dungeon, and saw 9 of its levels.

You collected 348 gold pieces.

Inventory:

Missiles
 a - 89 arrows
Armour
 q - a +0 hat
Magical Staves
 r - an uncursed staff of earth
Wands
 i - a wand of disintegration (8)
 v - a wand of fireball (11)
 w - a wand of fire (14)
 x - a wand of magic darts (22)
 y - a wand of fire (7)
Scrolls
 d - 2 scrolls of identify
 f - 6 scrolls of remove curse
 g - 2 scrolls of enchant weapon
 j - a scroll of immolation {unknown}
 m - a scroll of amnesia
 o - a scroll of teleportation
 C - 2 scrolls of blinking
Potions
 k - 2 potions of haste {unknown}
 s - a potion of cure mutation
 t - a potion of magic
 u - a potion of flight {unknown}
 z - a potion of curing {unknown}
 B - a potion of poison {unknown}
Books
 b - a book of Changes

   Spells                             Type                      Level
   a - Beastly Appendage              Transmutation                1
   b - Sticks to Snakes               Transmutation                2
   c - Spider Form                    Transmutation/Poison         3
   d - Ice Form                       Ice/Transmutation            4
   e - Blade Hands                    Transmutation                5
 e - a book of Minor Magic

   Spells                             Type                      Level
   a - Magic Dart                     Conjuration                  1
   b - Blink                          Translocation                2
   c - Call Imp                       Summoning                    2
   d - Repel Missiles                 Charms/Air                   2
   e - Slow                           Hexes                        2
   f - Conjure Flame                  Conjuration/Fire             3
   g - Mephitic Cloud                 Conjuration/Poison/Air       3
 p - a book of the Sky

   Spells                             Type                      Level
   a - Summon Lightning Spire         Summoning/Air                4
   b - Airstrike                      Air                          4
   c - Silence                        Hexes/Air                    5
   d - Deflect Missiles               Charms/Air                   6
   e - Conjure Ball Lightning         Conjuration/Air              6
   f - Tornado                        Air                          9
Comestibles
 c - 6 bread rations
 l - 2 meat rations
 A - 3 chunks of flesh


   Skills:
 + Level 4.2 Fighting
 + Level 5.8 Dodging
 + Level 5.0 Unarmed Combat
 + Level 5.9 Spellcasting
 + Level 6.2 Transmutations
 - Level 3.6 Ice Magic
 - Level 3.6 Poison Magic


You had 9 spell levels left.
You knew the following spells:

 Your Spells              Type           Power        Failure   Level  Hunger
a - Beastly Appendage     Trmt           ####..       1%          1    None
b - Sticks to Snakes      Trmt           ####......   1%          2    None
c - Spider Form           Trmt/Pois      ###.......   6%          3    ##.....
d - Ice Form              Ice/Trmt       ###.....     21%         4    ####...


Dungeon Overview and Level Annotations

Branches:
Dungeon (8/15)             Temple (1/1) D:5
   Lair: D:8-11

Altars:
Ashenzari
Cheibriados
Dithmenos
Elyvilon
Fedhas
Gozag
Kikubaaqudgha
Makhleb
Nemelex Xobeh
Okawaru
Qazlal
Ru
Sif Muna
Trog
Vehumet
Xom
Yredelemnul
Zin
The Shining One

Annotations:
D:4 BLOAX's ghost, weakling VSBe
D:6 1 runed door, Grinder


Innate Abilities, Weirdness & Mutations

You cannot wear most types of armour.
You are amphibious.
You can wear up to eight rings at the same time.
You can use your tentacles to constrict eight enemies at once.
Your skin changes colour to match your surroundings (Stealth).
Your rubbery body absorbs attacks (AC +1).


Message History

The killer bee is almost dead.
Your transformation is almost over.
You kill the killer bee!
Makhleb accepts your kill.
You feel better. The phantom barely misses you. The phantom hits you.
You climb upwards.
The gnoll sergeant hits you with a spear of piercing!
* * * LOW HITPOINT WARNING * * *
x2
There is a stone staircase leading down here.
The gnoll sergeant completely misses you.
The phantom misses you.
The gnoll sergeant hits you from afar with a spear of piercing!
* * * LOW HITPOINT WARNING * * *
x2 The phantom completely misses you.
Drink which item? (? for menu, Esc to quit)
You fade into invisibility!
Your transformation has ended.
The gnoll sergeant completely misses you.
The phantom hits you.
You die...

#...#.).# .#
###.#.###.# #.#
#####....)# #g###.#
##..#>g...## #g....#
#....g#...[####g#..#
#....g#....(.##.g..#
#....g#...##g###g...
#..W..######.....รท).
#..@.## ####.))..
#....# ##.....[..
#....# #.........
#....# #.....#...
##..## #....###...
#### (.### #... .#
##... #.... #....


You could see a phantom, a gnoll sergeant, a gnoll shaman and 2 gnolls.

Vanquished Creatures
  Prince Ribbit (D:5)
  A soldier ant (D:6)
  An ice beast (D:5)
  A black bear (D:6)
  The ghost of Conn321 the Ogre Mage, an amateur OgWz (D:5)
  An orc warrior (D:6)
  2 ogres
  2 centaurs (D:5)
  3 giant frogs
  2 scorpions (D:6)
  A water moccasin skeleton (D:7)
  3 killer bees
  5 crimson imps
  A gnoll shaman (D:7)
  A giant frog skeleton (D:7)
  A hound (D:5)
  2 jellies (D:5)
  8 orc wizards
  14 worker ants
  11 gnolls (D:7)
  9 adders
  A shadow imp (D:6)
  2 oozes
  9 worms
  3 giant geckos
  26 orcs
  6 bats
  3 hobgoblins (D:2)
  2 jackals (D:2)
  5 quokkas
  2 ball pythons
  9 giant cockroaches
  8 giant newts
  9 goblins
  5 kobolds
  10 rats
171 creatures vanquished.

Notes
Turn   | Place    | Note
--------------------------------------------------------------
     0 | D:1      | oplop the Octopode Transmuter began the quest for the Orb.
     0 | D:1      | Reached XP level 1. HP: 13/13 MP: 3/3
   100 | D:1      | Reached XP level 2. HP: 18/18 MP: 3/5
   565 | D:2      | Reached XP level 3. HP: 17/23 MP: 5/7
   976 | D:2      | Found a sacrificial altar of Ru.
  1357 | D:2      | Learned a level 2 spell: Sticks to Snakes
  1361 | D:2      | Learned a level 3 spell: Spider Form
  1620 | D:2      | Reached skill level 1 in Poison Magic
  1627 | D:2      | Reached XP level 4. HP: 19/28 MP: 4/8
  2808 | D:4      | Noticed BLOAX's ghost (weakling VSBe)
  2921 | D:4      | Reached XP level 5. HP: 24/33 MP: 3/10
  3304 | D:4      | Reached XP level 6. HP: 34/38 MP: 4/11
  3347 | D:4      | Reached skill level 4 in Spellcasting
  3574 | D:5      | Entered Level 5 of the Dungeon
  3586 | D:5      | Learned a level 4 spell: Ice Form
  3610 | D:5      | Noticed Conn321's ghost (amateur OgWz)
  4033 | D:5      | Killed Conn321's ghost
  4033 | D:5      | Reached skill level 1 in Ice Magic
  4261 | D:5      | Reached XP level 7. HP: 37/43 MP: 9/13
  5070 | D:5      | Reached skill level 5 in Transmutations
  5262 | D:5      | Reached skill level 5 in Spellcasting
  5467 | D:5      | Noticed Prince Ribbit
  5492 | D:5      | Killed Prince Ribbit
  5492 | D:5      | Reached XP level 8. HP: 38/50 MP: 11/15
  5576 | D:5      | Found a staircase to the Ecumenical Temple.
  6166 | Temple   | Entered the Ecumenical Temple
  6362 | Temple   | Became a worshipper of Makhleb the Destroyer
  6502 | D:6      | Found a runed door.
  6510 | D:6      | Found a runed door.
  6848 | D:6      | Reached XP level 9. HP: 10/56 MP: 11/17
  7244 | D:6      | Noticed Grinder
  7361 | D:6      | Reached * piety under Makhleb
  7670 | D:6      | Found a sparkling altar of Nemelex Xobeh.
  7817 | D:6      | Reached skill level 5 in Dodging
  7817 | D:6      | Reached skill level 6 in Transmutations
  8107 | D:6      | Paralysed by Grinder for 3 turns
  8368 | D:7      | Reached ** piety under Makhleb
  8686 | D:8      | HP: 2/58 [miscasting Ice Form (16)]
  8720 | D:8      | Reached skill level 5 in Unarmed Combat
  8754 | D:7      | HP: 2/58 [gnoll sergeant/spear of piercing (1)]
  8758 | D:7      | Slain by a phantom

Action                   |  1- 3 |  4- 6 |  7- 9 || total
-------------------------+-------+-------+-------++-------
Melee: Unarmed           |    80 |   124 |   341 ||   545
 Cast: Beastly Appendage |    25 |    10 |     5 ||    40
       Spider Form       |     2 |    10 |    26 ||    38
       Sticks to Snakes  |       |     5 |     2 ||     7
       Ice Form          |       |       |     7 ||     7
 Abil: End Transformatio |       |       |     4 ||     4
Evoke: Wand              |       |     1 |     1 ||     2
  Use: Potion            |       |     2 |     5 ||     7
       Scroll            |       |       |    11 ||    11
 Stab: Sleeping          |     8 |     5 |     2 ||    15
       Invisible         |       |     1 |       ||     1
  Eat: Chunk             |     2 |     8 |    13 ||    23
       Royal jelly       |       |     1 |       ||     1
       Beef jerky        |       |       |     2 ||     2
       Fruit             |       |       |     3 ||     3
